 Dungeon Crawl Stone Soup version 0.30-a0-141-g30f27751c5 (webtiles) character file.

Game seed: 7867155783095390591

20274 qw the Blocker (level 12, -4/73 HPs)
             Began as a Gargoyle Fighter on Sept 25, 2022.
             Was a High Priest of Okawaru.
             Slain by Sonja
             ... wielding a +2 short sword of distortion
              (14 damage)
             ... on level 2 of the Lair of Beasts.
             The game lasted 00:05:25 (13302 turns).

qw the Blocker (Gargoyle Fighter)                  Turns: 13302, Time: 00:05:25

Health: -4/73      AC:  0    Str: 25    XL:     12   Next: 77%
Magic:  13/19      EV: 16    Int:  9    God:    Okawaru [*****.]
Gold:   971        SH:  0    Dex:  9    Spells: 11/11 levels left

rFire   . . .      SeeInvis .      - Unarmed
rCold   . . .      Faith    .    (shield currently unavailable)
rNeg    + . .      Spirit   .    (body armour currently unavailable)
rPois   inf        Reflect  .    (helmet currently unavailable)
rElec   .          Harm     .    (cloak currently unavailable)
rCorr   .          Rampage  .    (gloves currently unavailable)
Will    .....                    (boots currently unavailable)
Stlth   +++.......               h - amulet of the acrobat
HPRegen 0.22/turn                (ring currently unavailable)
MPRegen 0.16/turn                (ring currently unavailable)

@: pig-form, heroic, finesse-ful, very quick
A: fast, no casting, sickness immunity, AC +8, small, negative energy resistance
1, (electricity resistance), torment resistance 1, petrification resistance
a: Renounce Religion, Heroism, Finesse, Duel


You were on level 2 of the Lair of Beasts.
You worshipped Okawaru.
Okawaru was extremely pleased with you.
You were a filthy swine.
You visited 3 branches of the dungeon, and saw 14 of its levels.
You also visited: Ossuary.

You collected 1559 gold pieces.
You spent 588 gold pieces at shops.


Innate Abilities, Weirdness & Mutations

You are a filthy swine.
You move quickly.
Your equipment is almost entirely melded.
You are incapable of wielding weapons or throwing items.
You cannot cast spells.
You are immune to sickness and miasma.
((Your stone body is resilient. (AC +8)))
You are immune to poison.
You resist negative energy. (rN+)
((You are resistant to electric shocks. (rElec)))
You are resistant to unholy torment.
You are immune to petrification.


   Skills:
 - Level 8.0(13.0) Fighting
 + Level 10.7(15.7) Axes
 - Level 2.1(7.1) Throwing
 - Level 7.0(12.0) Armour
 - Level 2.1(7.1) Dodging
 - Level 13.0(18.0) Shields
 - Level 10.0 Invocations


You had 11 spell levels left.
You didn't know any spells.
Your spell library was empty.

Inventory:

Hand Weapons
 c - the +8 broad axe "Tuunuc Ilaru" (melded) {drain, rCorr Dex+3}
   (You acquired it on level 7 of the Dungeon)

   A truly terrible weapon, it drains the life of any living foe it strikes.
   Dex:       It affects your dexterity (+3).
   rCorr:     It protects you from acid and corrosion.
 k - a +0 morningstar
 q - the +6 war axe of Cihuot {vorpal, rF+++ Int+3 Dex-2 Stlth+}
   (You found it on level 4 of the Dungeon)

   It inflicts extra damage upon your enemies.
   Int:       It affects your intelligence (+3).
   Dex:       It affects your dexterity (-2).
   rF:        It renders you almost immune to fire.
   Stlth:     It makes you more stealthy.
Missiles
 r - 8 boomerangs (quivered)
Armour
 a - a +1 cloak (melded)
 g - the +1 robe of Generosity {rF+++ rCorr Int-4 Archmagi}
   (You found it on level 6 of the Dungeon)

   Int:       It affects your intelligence (-4).
   rF:        It renders you almost immune to fire.
   rCorr:     It protects you from acid and corrosion.
   Archmagi:  It increases the power of your magical spells.
 s - a +0 tower shield (melded)
 u - a +2 hat (melded)
 v - a +0 plate armour of cold resistance (melded)
 w - a +1 pair of boots (melded)
Jewellery
 h - an amulet of the acrobat (around neck)
 y - a ring of fire
Scrolls
 l - 5 scrolls of identify
 o - 2 scrolls of enchant weapon
Potions
 b - a potion of curing
 d - 4 potions of might
 e - a potion of lignification
 i - a potion of mutation
 j - 6 potions of attraction
 n - 2 potions of magic
 p - 3 potions of heal wounds
 t - 2 potions of haste

Dungeon Overview and Level Annotations

Branches:
Dungeon (11/15)            Temple (1/1) D:6            Lair (2/5) D:11
    Orc (0/2) D:9         Ossuary (visited)
  Swamp: Lair:2-3    Shoals: Lair:2-3     Snake: Lair:2-3    Spider: Lair:2-3

Altars:
Ashenzari
Cheibriados
Dithmenos
Elyvilon
Fedhas
Gozag
Hepliaklqana
Kikubaaqudgha
Makhleb
Nemelex Xobeh
Okawaru
Qazlal
Ru
Sif Muna
Trog
Uskayaw
Vehumet
Wu Jian
Xom
Yredelemnul
Zin
The Shining One

Shops:
D:3 (   D:4 (   D:10 [   D:11 *

Annotations:
D:4 2 transporters
D:7 1 runed translucent door, Crazy Yiuf
Lair:2 Sonja


Message History

13291 ||| INVOKING Finesse.
You can now deal lightning-fast blows.
The bullfrog hits you but does no damage.
The bullfrog barely misses you.
You slice the bullfrog!!
You kill the bullfrog!
Okawaru accepts your kill.
Sonja zaps a wand.
You turn into a filthy swine.
The +8 broad axe "Tuunuc Ilaru" {drain, rCorr Dex+3} melds into your body.
Your +1 cloak melds into your body.
Your +2 hat melds into your body.
Your +1 pair of boots melds into your body.
Your +0 tower shield melds into your body.
Your +0 plate armour of cold resistance melds into your body.
You feel less resistant to cold.
13294 ||| Stepping ~*~*~tactically~*~*~ (hiding).
You hit Sonja but do no damage.
Sonja twirls her cape.
Sonja closely misses you. Sonja misses you. Sonja barely misses you.
You completely miss Sonja. You miss Sonja.
Sonja hits you with a +2 short sword of distortion!
Sonja hits you with a +2 short sword of distortion.
Space warps around you. Sonja completely misses you.
You closely miss Sonja. You miss Sonja.
Sonja hits you with a +2 short sword of distortion!
Space warps horribly around you!
Sonja hits you with a +2 short sword of distortion!
Space warps horribly around you! Sonja barely misses you.
13301 ||| INVOKING Heroism.
You gain the combat prowess of a mighty hero.
Sonja hits you with a +2 short sword of distortion.
Space warps around you.
Sonja hits you with a +2 short sword of distortion.
Sonja misses you.
13302 ||| DRINKING 4 potions of heal wounds.
You feel much better.
Sonja hits you with a +2 short sword of distortion!
Space warps horribly around you!
You die...

..... #... ....#
........P ... ....##.
......... #.####....+.[
........# #.P.##.....#
........####.........#
.....................#
.....................###
.........$......).......
......Kh................
.......#.......#.......#
#.....###.....###.....#.
##...# #.....## #....##
#..#. ##.....###..#..#.
.. # ...###..#..#.#..# .
..###.#....##.#..
###.....###..#
....###?....#.


You could see Sonja.

Vanquished Creatures
  Gastronok (D:8)
  A centaur warrior (D:10)
  Erica (D:8)
  3 two-headed ogres (D:11)
  Pikel (D:7)
  A cyclops (D:11)
  A manticore (D:11)
  Joseph (D:7)
  A cane toad (Lair:1)
  Psyche (D:8)
  2 trolls
  5 blink frogs (Lair:1)
  A jumping spider (Lair:2)
  2 wraiths
  26 yaks
  4 wyverns
  A basilisk (Lair:2)
  A steam dragon (D:8)
  8 vampire mosquitoes (D:11)
  Menkaure (Ossuary)
  An acid dragon (D:10)
  4 water moccasins
  An ice beast (D:4)
  7 orc warriors
  An ogre (D:5)
  4 wolves (Lair:1)
  5 centaurs
  A phantom (D:7)
  A lemure (D:7)
  A kobold brigand (D:7)
  4 bullfrogs
  3 gnoll sergeants
  3 scorpions
  3 necrophages
  5 wights (D:8)
  35 killer bees
  3 electric eels (D:9)
  6 howler monkeys
  3 jellies
  3 hounds
  10 orc priests
  3 iguanas
  18 orc wizards
  5 hell rats (Lair:1)
  3 mummies (Ossuary)
  18 gnolls
  4 adders
  4 shadow imps
  A white imp (D:6)
  An ufetubus (D:5)
  A worm (D:2)
  3 dart slugs
  54 orcs
  6 ball pythons
  10 endoplasms
  8 giant cockroaches
  6 gnoll zombies (Ossuary)
  4 goblins
  5 hobgoblins
  2 jackals (D:1)
  4 quokkas
  3 training dummies (D:4)
  3 bats
  A frilled lizard (D:2)
  3 gnoll skeletons (Ossuary)
  4 goblin skeletons (Ossuary)
  2 goblin zombies (Ossuary)
  11 hobgoblin skeletons (Ossuary)
  4 hobgoblin zombies (Ossuary)
  9 kobolds
  3 kobold skeletons (Ossuary)
  4 kobold zombies (Ossuary)
  2 orc skeletons (Ossuary)
  4 orc zombies (Ossuary)
  6 rats
  2 rat skeletons (Ossuary)
  5 rat zombies (Ossuary)
393 creatures vanquished.

Vanquished Creatures (others)
  An orc wizard (D:10)
  An orc (D:8)
  10 fungi
  2 plants
14 creatures vanquished.

Grand Total: 407 creatures vanquished

Notes
Turn   | Place    | Note
-------+----------+-------------------------------------------
     0 | D:1      | qw the Gargoyle Fighter began the quest for the Orb.
     0 | D:1      | Reached XP level 1. HP: 14/14 MP: 1/1
     0 | D:1      | 0 ||| qw: Version: 0.2-a-10-g399e6c4
     0 | D:1      | 0 ||| qw: Game counter: 366
     0 | D:1      | 0 ||| qw: Always use a shield: true
     0 | D:1      | 0 ||| qw: God list: Okawaru
     0 | D:1      | 0 ||| qw: Allow faded altars: false
     0 | D:1      | 0 ||| qw: Do Orc after D:15 true
     0 | D:1      | 0 ||| qw: Do second Lair branch before Depths: true
     0 | D:1      | 0 ||| qw: Lair rune preference: random
     0 | D:1      | 0 ||| qw: Plans: Normal, Zot:1-4, God:TSO, Crypt, Tomb,
                  | Pan, Slime:5, Hells, Abyss, Orb
     0 | D:1      | 0 ||| PLANNING D:1-11
   290 | D:1      | Reached XP level 2. HP: 18/19 MP: 2/2
   460 | D:1      | 460 ||| Stepping ~*~*~tactically~*~*~ (stealth).
   652 | D:1      | Found a faded altar of an unknown god.
   666 | D:1      | Reached skill level 3 in Axes
   814 | D:1      | Reached XP level 3. HP: 19/23 MP: 3/3
  1089 | D:1      | 1089 ||| UPGRADING to +0 plate armour.
  1099 | D:1      | 1099 ||| DROPPING +0 scale mail.
  1100 | D:1      | 1100 ||| UPGRADING to amulet of the acrobat.
  1105 | D:1      | 1105 ||| READING scroll labelled QISTRUU CIORRA.
  1106 | D:1      | 1106 ||| READING scroll labelled FYFUXA YKLIZXOLO.
  1107 | D:1      | 1107 ||| DRINKING 3 puce potions.
  1128 | D:2      | 1128 ||| STAIRDANCE
  1153 | D:2      | 1153 ||| Stepping ~*~*~tactically~*~*~ (stealth).
  1164 | D:2      | 1164 ||| Stepping ~*~*~tactically~*~*~ (hiding).
  1166 | D:2      | 1166 ||| Stepping ~*~*~tactically~*~*~ (hiding).
  1167 | D:2      | 1167 ||| Stepping ~*~*~tactically~*~*~ (hiding).
  1723 | D:2      | Reached XP level 4. HP: 28/28 MP: 4/4
  1792 | D:2      | 1792 ||| UPGRADING to +1 cloak.
  1797 | D:2      | 1797 ||| READING scroll labelled GEEFRI IPHERAM.
  1798 | D:2      | 1798 ||| READING scroll labelled WOAB NAHATAILU.
  1893 | D:3      | 1893 ||| READING scroll of enchant weapon.
  1893 | D:3      | 1893 ||| ENCHANTING +1 war axe.
  1940 | D:3      | Found a shadowy altar of Dithmenos.
  1965 | D:3      | Identified the +8 quarterstaff "Testudineslayer" {holy,
                  | +Blink rPois Int-3}
  1997 | D:3      | Found a faded altar of an unknown god.
  2001 | D:3      | Found a hazy altar of Hepliaklqana.
  2114 | D:3      | Identified the +2 war axe "Hesiczeh" {vorpal, Str+3 Int-2
                  | Dex+2 Stlth+}
  2116 | D:3      | 2116 ||| SWAPPING to +2 war axe "Hesiczeh" {vorpal, Str+3
                  | Int-2 Dex+2 Stlth+}.
  2117 | D:3      | 2117 ||| DROPPING +2 war axe.
  2135 | D:3      | 2135 ||| DROPPING +1 war axe of draining.
  2157 | D:3      | Identified the +1 scale mail of Resipuw {rC+ Str-3 Dex+4}
  2232 | D:3      | Found Latobugh's Antique Weapon Shoppe.
  2242 | D:3      | 2242 ||| SHOPLISTING fine mace (208 gold, have 163).
  2445 | D:4      | 2445 ||| STAIRDANCE
  2470 | D:4      | 2470 ||| STAIRDANCE
  2631 | D:4      | Noticed a scorpion
  2636 | D:4      | Killed a scorpion
  2637 | D:4      | Reached XP level 5. HP: 27/32 MP: 5/5
  2673 | D:4      | 2673 ||| Stepping ~*~*~tactically~*~*~ (stealth).
  2820 | D:4      | Found a bloodstained altar of Trog.
  2882 | D:4      | 2882 ||| Stepping ~*~*~tactically~*~*~ (hiding).
  2883 | D:4      | 2883 ||| Stepping ~*~*~tactically~*~*~ (hiding).
  2906 | D:4      | 2906 ||| Stepping ~*~*~tactically~*~*~ (stealth).
  2907 | D:4      | 2907 ||| Stepping ~*~*~tactically~*~*~ (stealth).
  2930 | D:4      | Found a transporter.
  2932 | D:4      | 2932 ||| Stepping ~*~*~tactically~*~*~ (hiding).
  2938 | D:4      | Reached XP level 6. HP: 37/38 MP: 6/6
  2944 | D:4      | Reached skill level 1 in Dodging
  3025 | D:4      | 3025 ||| DROPPING +0 whip.
  3177 | D:4      | Noticed an ice beast
  3181 | D:4      | HP: 3/38 [ice beast (11)]
  3185 | D:4      | Killed an ice beast
  3499 | D:4      | Found Tisoaba's Firing Range.
  3562 | D:4      | Identified the +6 war axe of Cihuot {vorpal, rF+++ Int+3
                  | Dex-2 Stlth+}
  3564 | D:4      | 3564 ||| SWAPPING to +6 war axe of Cihuot {vorpal, rF+++
                  | Int+3 Dex-2 Stlth+}.
  3604 | D:4      | Found a transporter.
  3806 | D:4      | 3806 ||| READING scroll labelled SUDORI XEYJERO.
  3807 | D:4      | 3807 ||| READING scroll labelled SULOSHR HUCOE.
  3873 | D:4      | 3873 ||| DRINKING 2 fuming pink potions.
  3874 | D:4      | 3874 ||| READING 2 scrolls of identify.
  3874 | D:4      | 3874 ||| IDENTIFYING ruby potion
  3894 | D:4      | 3894 ||| STAIRDANCE
  3932 | D:5      | Entered Level 5 of the Dungeon
  3936 | D:5      | Reached skill level 6 in Axes
  3972 | D:5      | Reached XP level 7. HP: 22/43 MP: 7/7
  3972 | D:5      | 3972 ||| FLEEEEING.
  4180 | D:5      | Found a shimmering altar of Xom.
  4887 | D:5      | Found Zin's Purification Station.
  4891 | D:5      | Found a glowing silver altar of Zin.
  4896 | D:5      | 4896 ||| BUYING potion of curing (90 gold).
  4896 | D:5      | Bought a potion of curing for 90 gold pieces
  5063 | D:5      | Reached XP level 8. HP: 47/49 MP: 8/8
  5149 | D:5      | Reached skill level 1 in Throwing
  5285 | D:5      | 5285 ||| DROPPING orb of wrath.
  5286 | D:5      | 5286 ||| READING scroll labelled QAPHOQ PUPYILL.
  5287 | D:5      | 5287 ||| READING scroll labelled RYOTRY BYCW.
  5292 | D:5      | 5292 ||| READING 3 scrolls of identify.
  5292 | D:5      | 5292 ||| IDENTIFYING yellow potion
  5293 | D:5      | 5293 ||| READING 2 scrolls of identify.
  5293 | D:5      | 5293 ||| IDENTIFYING glowing golden potion
  5294 | D:5      | 5294 ||| DROPPING potion of brilliance.
  5295 | D:5      | 5295 ||| DROPPING potion of degeneration.
  5307 | D:6      | 5307 ||| PLANNING OSSUARY
  5347 | D:6      | Noticed a yak
  5349 | D:6      | Noticed a yak
  5350 | D:6      | 5350 ||| Stepping ~*~*~tactically~*~*~ (stealth).
  5353 | D:6      | Killed a yak
  5379 | D:6      | Noticed a yak
  5380 | D:6      | 5380 ||| Stepping ~*~*~tactically~*~*~ (stealth).
  5381 | D:6      | 5381 ||| Stepping ~*~*~tactically~*~*~ (stealth).
  5386 | D:6      | Killed a yak
  5396 | D:6      | Killed a yak
  5451 | D:6      | Identified the +1 robe of Generosity {rF+++ rCorr Int-4
                  | Archmagi}
  5458 | D:6      | 5458 ||| Stepping ~*~*~tactically~*~*~ (hiding).
  5566 | D:6      | Found a staircase to the Ecumenical Temple.
  5619 | D:6      | Found a faded altar of an unknown god.
  5619 | D:6      | Found a snail-covered altar of Cheibriados.
  5627 | D:6      | Found a white marble altar of Elyvilon.
  5629 | D:6      | Found a burning altar of Makhleb.
  5631 | D:6      | Found a hide-covered altar of Uskayaw.
  5680 | D:6      | Found a sand-covered staircase.
  5681 | D:6      | 5681 ||| READING scroll labelled TUPOYNTO IFILEC.
  5686 | Ossuary  | Entered an ossuary
  6196 | Ossuary  | Noticed Menkaure
  6197 | Ossuary  | 6197 ||| Stepping ~*~*~tactically~*~*~ (hiding).
  6208 | Ossuary  | Killed Menkaure
  6209 | Ossuary  | Reached skill level 6 in Fighting
  6371 | Ossuary  | 6371 ||| Stepping ~*~*~tactically~*~*~ (stealth).
  6401 | Ossuary  | 6401 ||| Stepping ~*~*~tactically~*~*~ (stealth).
  6443 | Ossuary  | 6443 ||| READING scroll labelled BEFIGGISAS.
  6444 | Ossuary  | 6444 ||| DRINKING 2 glowing blue potions.
  6445 | Ossuary  | 6445 ||| DRINKING 2 pink potions.
  6446 | Ossuary  | 6446 ||| READING 4 scrolls of identify.
  6446 | Ossuary  | 6446 ||| IDENTIFYING sedimented green potion
  6447 | Ossuary  | 6447 ||| READING 3 scrolls of identify.
  6447 | Ossuary  | 6447 ||| IDENTIFYING bubbling brown potion
  6448 | Ossuary  | 6448 ||| DROPPING potion of ambrosia.
  6449 | Ossuary  | 6449 ||| DROPPING potion of flight.
  6454 | D:6      | 6454 ||| PLANNING TEMPLE
  6482 | Temple   | Entered the Ecumenical Temple
  6491 | Temple   | 6491 ||| PLANNING OKAWARU WORSHIP
  6526 | Temple   | Became a worshipper of Warmaster Okawaru
  6527 | Temple   | 6527 ||| PLANNING D:1-11
  6565 | D:6      | Reached XP level 9. HP: 56/56 MP: 9/9
  6571 | D:6      | 6571 ||| DROPPING +0 flail.
  6823 | D:6      | 6823 ||| Stepping ~*~*~tactically~*~*~ (hiding).
  6824 | D:6      | 6824 ||| Stepping ~*~*~tactically~*~*~ (hiding).
  6854 | D:6      | You fall into a shaft and drop 1 floor!
  6862 | D:7      | 6862 ||| Stepping ~*~*~tactically~*~*~ (hiding).
  6865 | D:7      | 6865 ||| Stepping ~*~*~tactically~*~*~ (hiding).
  6868 | D:7      | Reached skill level 9 in Axes
  6875 | D:7      | Reached * piety under Okawaru
  6876 | D:7      | Reached skill level 4 in Shields
  6884 | D:7      | Reached skill level 1 in Invocations
  6900 | D:7      | 6900 ||| Stepping ~*~*~tactically~*~*~ (stealth).
  6901 | D:7      | 6901 ||| Stepping ~*~*~tactically~*~*~ (stealth).
  6914 | D:7      | 6914 ||| Stepping ~*~*~tactically~*~*~ (stealth).
  6915 | D:7      | 6915 ||| Stepping ~*~*~tactically~*~*~ (stealth).
  7004 | D:7      | 7004 ||| Stepping ~*~*~tactically~*~*~ (hiding).
  7005 | D:7      | 7005 ||| Stepping ~*~*~tactically~*~*~ (hiding).
  7010 | D:7      | 7010 ||| DRINKING 3 potions of curing.
  7010 | D:7      | 7010 ||| (to cure confusion)
  7013 | D:7      | 7013 ||| DRINKING 2 potions of curing.
  7013 | D:7      | 7013 ||| (to cure confusion)
  7024 | D:7      | Found a blossoming altar of Fedhas.
  7024 | D:7      | Found a stormy altar of Qazlal.
  7050 | D:7      | Noticed Joseph
  7051 | D:7      | 7051 ||| INVOKING Heroism.
  7058 | D:7      | Reached skill level 3 in Invocations
  7064 | D:7      | Killed Joseph
  7065 | D:7      | Reached skill level 6 in Armour
  7141 | D:7      | 7141 ||| UPGRADING to +0 tower shield.
  7151 | D:7      | 7151 ||| DROPPING +0 buckler.
  7152 | D:7      | 7152 ||| READING scroll labelled ANIESO ANECWIZ.
  7152 | D:7      | Identified a scroll of acquirement
  7152 | D:7      | 7152 ||| ACQUIRING +8 broad axe "Tuunuc Ilaru" {drain,
                  | rCorr Dex+3}
  7152 | D:7      | Acquired the +8 broad axe "Tuunuc Ilaru" {drain, rCorr
                  | Dex+3}
  7154 | D:7      | 7154 ||| SWAPPING to +8 broad axe "Tuunuc Ilaru" {drain,
                  | rCorr Dex+3}.
  7155 | D:7      | 7155 ||| DROPPING +2 war axe "Hesiczeh" {vorpal, Str+3
                  | Int-2 Dex+2 Stlth+}.
  7185 | D:6      | 7185 ||| INVOKING Heroism.
  7215 | D:6      | Found a broken altar of Ashenzari.
  7264 | D:6      | Found a shimmering blue altar of Sif Muna.
  7430 | D:6      | 7430 ||| READING scroll labelled XEMU JIEGIE.
  7462 | D:7      | Found a runed translucent door.
  7463 | D:7      | Noticed Crazy Yiuf
  7577 | D:7      | Noticed Pikel
  7578 | D:7      | 7578 ||| INVOKING Heroism.
  7585 | D:7      | Killed Pikel
  7585 | D:7      | Reached ** piety under Okawaru
  7586 | D:7      | Reached skill level 6 in Shields
  7586 | D:7      | Reached XP level 10. HP: 60/63 MP: 11/13
  7803 | D:7      | Found an ornate altar of the Wu Jian Council.
  7900 | D:8      | 7900 ||| STAIRDANCE
  8004 | D:8      | 8004 ||| STAIRDANCE
  8008 | D:7      | Reached skill level 7 in Shields
  8052 | D:8      | 8052 ||| STAIRDANCE
  8052 | D:8      | Noticed Erica
  8115 | D:8      | 8115 ||| STAIRDANCE
  8142 | D:7      | 8142 ||| READING 3 scrolls of identify.
  8142 | D:7      | 8142 ||| IDENTIFYING metallic white potion
  8166 | D:8      | 8166 ||| STAIRDANCE
  8217 | D:8      | 8217 ||| STAIRDANCE
  8266 | D:8      | 8266 ||| INVOKING Heroism.
  8269 | D:8      | Killed Erica
  8270 | D:8      | Reached skill level 8 in Shields
  8306 | D:8      | Reached *** piety under Okawaru
  8308 | D:8      | 8308 ||| INVOKING Heroism.
  8321 | D:8      | 8321 ||| Stepping ~*~*~tactically~*~*~ (stealth).
  8322 | D:8      | 8322 ||| Stepping ~*~*~tactically~*~*~ (hiding).
  8329 | D:8      | 8329 ||| INVOKING Heroism.
  8333 | D:8      | Reached skill level 9 in Shields
  8393 | D:8      | Noticed Gastronok
  8394 | D:8      | 8394 ||| Stepping ~*~*~tactically~*~*~ (hiding).
  8405 | D:8      | 8405 ||| INVOKING Heroism.
  8417 | D:8      | Killed Gastronok
  8417 | D:8      | Reached **** piety under Okawaru
  8418 | D:8      | Reached skill level 10 in Shields
  8471 | D:8      | 8471 ||| FLEEEEING.
  8472 | D:8      | 8472 ||| FLEEEEING.
  8473 | D:8      | 8473 ||| FLEEEEING.
  8474 | D:8      | 8474 ||| FLEEEEING.
  8475 | D:8      | 8475 ||| FLEEEEING.
  8476 | D:8      | 8476 ||| FLEEEEING.
  8477 | D:8      | 8477 ||| FLEEEEING.
  8478 | D:8      | 8478 ||| FLEEEEING.
  8479 | D:8      | 8479 ||| FLEEEEING.
  8480 | D:8      | 8480 ||| FLEEEEING.
  8481 | D:8      | 8481 ||| FLEEEEING.
  8482 | D:8      | 8482 ||| FLEEEEING.
  8483 | D:8      | 8483 ||| FLEEEEING.
  8484 | D:8      | 8484 ||| FLEEEEING.
  8485 | D:8      | 8485 ||| FLEEEEING.
  8486 | D:8      | 8486 ||| FLEEEEING.
  8487 | D:8      | 8487 ||| FLEEEEING.
  8488 | D:8      | 8488 ||| FLEEEEING.
  8489 | D:8      | 8489 ||| FLEEEEING.
  8490 | D:8      | 8490 ||| FLEEEEING.
  8491 | D:8      | 8491 ||| FLEEEEING.
  8492 | D:8      | 8492 ||| FLEEEEING.
  8493 | D:8      | 8493 ||| FLEEEEING.
  8494 | D:8      | 8494 ||| FLEEEEING.
  8495 | D:8      | 8495 ||| FLEEEEING.
  8714 | D:8      | 8714 ||| Stepping ~*~*~tactically~*~*~ (stealth).
  8715 | D:8      | 8715 ||| Stepping ~*~*~tactically~*~*~ (stealth).
  8725 | D:8      | Reached skill level 11 in Shields
  8725 | D:8      | Reached XP level 11. HP: 57/67 MP: 14/14
  8728 | D:8      | 8728 ||| INVOKING Heroism.
  8868 | D:8      | Received a gift from Okawaru
  8921 | D:8      | Reached skill level 6 in Invocations
  8940 | D:8      | 8940 ||| INVOKING Heroism.
  9096 | D:8      | Noticed Psyche
  9098 | D:8      | 9098 ||| DRINKING potion of cancellation.
  9107 | D:8      | Killed Psyche
  9190 | D:8      | 9190 ||| Stepping ~*~*~tactically~*~*~ (stealth).
  9193 | D:8      | 9193 ||| Stepping ~*~*~tactically~*~*~ (hiding).
  9200 | D:8      | 9200 ||| FLEEEEING.
  9203 | D:8      | 9203 ||| FLEEEEING.
  9271 | D:8      | 9271 ||| UPGRADING to +1 hat.
  9276 | D:8      | 9276 ||| READING 2 scrolls of identify.
  9276 | D:8      | 9276 ||| IDENTIFYING golden potion
  9407 | D:9      | 9407 ||| INVOKING Heroism.
  9488 | D:9      | 9488 ||| INVOKING Heroism.
  9507 | D:9      | HP: 16/67 [orc/+0 dagger (1)]
  9508 | D:9      | 9508 ||| DRINKING 5 potions of heal wounds.
  9513 | D:9      | 9513 ||| INVOKING Heroism.
  9524 | D:9      | 9524 ||| FLEEEEING.
  9526 | D:9      | 9526 ||| FLEEEEING.
  9527 | D:9      | 9527 ||| FLEEEEING.
  9528 | D:9      | 9528 ||| FLEEEEING.
  9529 | D:9      | 9529 ||| FLEEEEING.
  9591 | D:9      | 9591 ||| FLEEEEING.
  9650 | D:9      | 9650 ||| FLEEEEING.
  9651 | D:9      | 9651 ||| FLEEEEING.
  9652 | D:9      | 9652 ||| FLEEEEING.
  9794 | D:9      | 9794 ||| FLEEEEING.
  9795 | D:9      | 9795 ||| FLEEEEING.
  9796 | D:9      | 9796 ||| FLEEEEING.
  9797 | D:9      | 9797 ||| FLEEEEING.
  9798 | D:9      | 9798 ||| FLEEEEING.
  9801 | D:9      | 9801 ||| FLEEEEING.
  9802 | D:9      | 9802 ||| FLEEEEING.
  9803 | D:9      | 9803 ||| FLEEEEING.
  9804 | D:9      | 9804 ||| FLEEEEING.
  9805 | D:9      | 9805 ||| FLEEEEING.
  9806 | D:9      | 9806 ||| FLEEEEING.
  9807 | D:9      | 9807 ||| FLEEEEING.
  9808 | D:9      | 9808 ||| FLEEEEING.
  9809 | D:9      | 9809 ||| FLEEEEING.
  9810 | D:9      | 9810 ||| INVOKING Heroism.
  9828 | D:9      | 9828 ||| INVOKING Heroism.
  9859 | D:9      | 9859 ||| FLEEEEING.
  9981 | D:9      | 9981 ||| Stepping ~*~*~tactically~*~*~ (hiding).
  9982 | D:9      | 9982 ||| Stepping ~*~*~tactically~*~*~ (hiding).
  9997 | D:9      | 9997 ||| INVOKING Heroism.
 10000 | D:9      | 10000 ||| Stepping ~*~*~tactically~*~*~ (stealth).
 10058 | D:9      | 10058 ||| INVOKING Heroism.
 10065 | D:9      | Reached skill level 12 in Shields
 10169 | D:9      | Found a staircase to the Orcish Mines.
 10172 | D:9      | 10172 ||| FLEEEEING.
 10185 | D:9      | 10185 ||| INVOKING Heroism.
 10260 | D:9      | 10260 ||| INVOKING Heroism.
 10276 | D:9      | 10276 ||| DRINKING potion of curing.
 10276 | D:9      | 10276 ||| (to cure confusion)
 10293 | D:9      | 10293 ||| Stepping ~*~*~tactically~*~*~ (hiding).
 10294 | D:9      | 10294 ||| Stepping ~*~*~tactically~*~*~ (hiding).
 10472 | D:9      | 10472 ||| UPGRADING to +0 pair of boots.
 10477 | D:9      | 10477 ||| READING 2 scrolls of identify.
 10477 | D:9      | 10477 ||| IDENTIFYING dark potion
 10498 | D:10     | Entered Level 10 of the Dungeon
 10501 | D:10     | 10501 ||| INVOKING Heroism.
 10517 | D:10     | Received a gift from Okawaru
 10664 | D:10     | Found Luhisir's Armour Boutique.
 10665 | D:10     | 10665 ||| FLEEEEING.
 10668 | D:10     | Noticed a centaur warrior
 10669 | D:10     | 10669 ||| INVOKING Heroism.
 10679 | D:10     | Killed a centaur warrior
 10739 | D:10     | 10739 ||| BUYING +0 plate armour of cold resistance (360
                  | gold).
 10739 | D:10     | Bought a +0 plate armour of cold resistance for 360 gold
                  | pieces
 10739 | D:10     | 10739 ||| BUYING +1 pair of boots (138 gold).
 10739 | D:10     | Bought a +1 pair of boots for 138 gold pieces
 10739 | D:10     | 10739 ||| SHOPLISTING +3 hat of Pondering {ponderous, Will+
                  | MP+10 Int+5} (457 gold, have 55).
 10787 | D:10     | Found a sacrificial altar of Ru.
 11150 | D:10     | 11150 ||| UPGRADING to +0 plate armour of cold resistance.
 11160 | D:10     | 11160 ||| DROPPING +0 plate armour.
 11161 | D:10     | 11161 ||| UPGRADING to +1 pair of boots.
 11171 | D:10     | 11171 ||| DROPPING +0 pair of boots.
 11180 | D:11     | 11180 ||| INVOKING Heroism.
 11182 | D:11     | 11182 ||| STAIRDANCE
 11216 | D:11     | 11216 ||| STAIRDANCE
 11218 | D:10     | 11218 ||| INVOKING Heroism.
 11286 | D:11     | 11286 ||| INVOKING Heroism.
 11386 | D:11     | 11386 ||| Stepping ~*~*~tactically~*~*~ (stealth).
 11387 | D:11     | 11387 ||| Stepping ~*~*~tactically~*~*~ (stealth).
 11395 | D:11     | 11395 ||| INVOKING Heroism.
 11402 | D:11     | Reached skill level 9 in Invocations
 11403 | D:11     | Reached ***** piety under Okawaru
 11460 | D:11     | Found a staircase to the Lair.
 11467 | D:11     | Noticed a two-headed ogre
 11468 | D:11     | 11468 ||| INVOKING Heroism.
 11475 | D:11     | Killed a two-headed ogre
 11476 | D:11     | Reached XP level 12. HP: 53/72 MP: 16/19
 11631 | D:11     | Found Araynunt's Overcharged Wands.
 11635 | D:11     | 11635 ||| Stepping ~*~*~tactically~*~*~ (stealth).
 11695 | D:11     | 11695 ||| SHOPLISTING wand of digging (11) (693 gold, have
                  | 115).
 11715 | D:11     | Noticed a two-headed ogre
 11722 | D:11     | Killed a two-headed ogre
 11805 | D:11     | Noticed a two-headed ogre
 11806 | D:11     | 11806 ||| INVOKING Heroism.
 11816 | D:11     | Killed a two-headed ogre
 11833 | D:11     | 11833 ||| Stepping ~*~*~tactically~*~*~ (stealth).
 12057 | D:11     | 12057 ||| READING scroll of acquirement.
 12057 | D:11     | 12057 ||| ACQUIRING 691 gold pieces
 12057 | D:11     | Acquired 691 gold pieces
 12072 | D:11     | 12072 ||| Stepping ~*~*~tactically~*~*~ (hiding).
 12076 | D:11     | 12076 ||| INVOKING Heroism.
 12200 | D:11     | 12200 ||| PLANNING LAIR
 12200 | D:11     | 12200 ||| DROPPING +1 pair of boots.
 12201 | D:11     | 12201 ||| READING scroll labelled COLUEN RAADUO.
 12219 | Lair:1   | Entered Level 1 of the Lair of Beasts
 12231 | Lair:1   | 12231 ||| INVOKING Heroism.
 12239 | Lair:1   | Reached skill level 13 in Shields
 12247 | Lair:1   | Received a gift from Okawaru
 12249 | Lair:1   | 12249 ||| DROPPING +1 broad axe of freezing.
 12355 | Lair:1   | 12355 ||| INVOKING Heroism.
 12356 | Lair:1   | 12356 ||| Stepping ~*~*~tactically~*~*~ (stealth).
 12383 | Lair:1   | 12383 ||| READING scroll of enchant armour.
 12383 | Lair:1   | 12383 ||| ENCHANTING +1 hat.
 12469 | Lair:1   | 12469 ||| Stepping ~*~*~tactically~*~*~ (stealth).
 12677 | Lair:1   | 12677 ||| INVOKING Heroism.
 13068 | Lair:1   | 13068 ||| INVOKING Heroism.
 13290 | Lair:2   | Noticed Sonja
 13291 | Lair:2   | 13291 ||| INVOKING Finesse.
 13294 | Lair:2   | 13294 ||| Stepping ~*~*~tactically~*~*~ (hiding).
 13301 | Lair:2   | 13301 ||| INVOKING Heroism.
 13301 | Lair:2   | HP: 14/73 [Sonja/+2 short sword of distortion (5)]
 13301 | Lair:2   | HP: 4/73 [Sonja/+2 short sword of distortion (5)]
 13302 | Lair:2   | 13302 ||| DRINKING 4 potions of heal wounds.
 13302 | Lair:2   | Slain by Sonja

Levels and vault maps discovered:
D:1:      onia_arrival_mini_spirals, layout_basic,
          shapermc_ecumenical_altar_mp_urbaneastern
D:2:      layout_loops_cross, grunt_ministairs_4, kennysheep_generic_room_12
D:3:      cheibrodos_helix_gallery, layout_basic,
          nicolae_dithmenos_through_a_glass_darkly,
          nicolae_overflow_ecumenical_swirl, serial_shops, nicolae_shop_trees
D:4:      gammafunk_steamed_eel, layout_loops_cross, lightli_temple_of_fire,
          nicolae_shop_firing_range
D:5:      layout_layer_cave, xom_teletrap_fun, zin_purify
D:6:      layout_basic, lemuel_coloured_pillars_altar,
          chequers_temple_overflow_minitemple, nicolae_sif_muna_little_library,
          minmay_temple_entry_slanted, nicolae_ossuary_entry_false_entrances,
          wad_floor_pattern_2
D:7:      layout_basic, grunt_temple_overflow_forces_of_nature,
          pdpol_wu_jian_five_deadly_venoms, minmay_chambers_of_fives,
          uniq_joseph, uniq_crazy_yiuf_cottage, uniq_pikel
D:8:      layout_loops_ring, uniq_psyche, uniq_erica, uniq_gastronok
D:9:      layout_irregular_city, erik_orc_2
D:10:     layout_rooms, mainiacjoe_overflow_surrounded_room, serial_shops,
          nicolae_shop_statue_plus, nrook_mini_vaults, minmay_misc_feat_cross
D:11:     layout_small_grid, lair_entry_dummy, nicolae_shop_overcharged_wands
Temple:   nicolae_temple_ecumenical_triangle
Lair:1:   layout_layer_cave
Lair:2:   hellmonk_destroyed_diamonds, layout_regular_city,
          nicolae_spider_entry_tight_spaces, uniq_sonja

Skill      XL: |  1  2  3  4  5  6  7  8  9 10 11 12 |
---------------+-------------------------------------+-----
Axes           | 2 3 5 6 7 8 9 10 | 10.7
Fighting       | 4 5 6 7 8 |  8.0
Dodging        | 1 2 |  2.1
Armour         | 4 5 6 7 |  7.0
Throwing       | 1 2 |  2.1
Shields        | 6 11 12 13 | 13.0
Invocations    | 4 5 9 10 | 10.0

Action                   |  1- 3 |  4- 6 |  7- 9 | 10-12 || total
-------------------------+-------+-------+-------+-------++-------
Melee: War axe           |    98 |    75 |   223 |       ||   396
       Broad axe         |       |       |    16 |   400 ||   416
       Unarmed           |       |       |       |     5 ||     5
Throw: Boomerang         |    24 |    46 |    46 |    49 ||   165
       Javelin           |       |       |       |    16 ||    16
Invok: Heroism           |       |       |     3 |    29 ||    32
       Finesse           |       |       |       |     1 ||     1
  Use: Scroll            |     2 |     6 |    10 |     6 ||    24
       Potion            |     1 |     1 |     4 |     4 ||    10
Armor: Scale mail        |    32 |       |       |       ||    32
       Plate armour      |    18 |    36 |   129 |   195 ||   378
Dodge: Dodged            |    49 |    16 |    59 |   103 ||   227
Block: Buckler           |    21 |    14 |    24 |       ||    59
       Tower shield      |       |       |     2 |   409 ||   411

Table legend:
 A = Non-vault XP
 B = Vault XP
 C = Vault XP percentage of total XP
 D = Non-vault monster count
 E = Vault monster count
 F = Vault count percentage of total count
                 A         B        C        D         E       F
            +---------+---------+-------+---------+---------+-------
      Total |   23581 |    5382 |  18.6 |     302 |      91 |  23.2
            +---------+---------+-------+---------+---------+-------
        D:1 |      38 |       1 |   2.6 |      22 |       1 |   4.3
        D:2 |      44 |       1 |   2.2 |      17 |       1 |   5.6
        D:3 |      31 |       4 |  11.4 |      10 |       2 |  16.7
        D:4 |     439 |       6 |   1.3 |      21 |       3 |  12.5
        D:5 |     790 |       0 |   0.0 |      20 |       0 |   0.0
        D:6 |    1243 |       0 |   0.0 |      30 |       0 |   0.0
        D:7 |     925 |    1565 |  62.9 |      23 |       7 |  23.3
        D:8 |    3063 |    2702 |  46.9 |      42 |       3 |   6.7
        D:9 |    1589 |     580 |  26.7 |      23 |      19 |  45.2
       D:10 |    3556 |       0 |   0.0 |      35 |       0 |   0.0
       D:11 |    6336 |       0 |   0.0 |      27 |       0 |   0.0
     Lair:1 |    5254 |       0 |   0.0 |      30 |       0 |   0.0
     Lair:2 |     273 |     244 |  47.2 |       2 |       1 |  33.3
    Ossuary |       0 |     279 | 100.0 |       0 |      54 | 100.0
            +---------+---------+-------+---------+---------+-------
